 Dungeon Crawl Stone Soup version 0.21.1-1-g345015fe64 (webtiles) character file.

278 Ikesh the Skirmisher (level 6, -6/51 HPs)
             Began as a Formicid Abyssal Knight on Mar 4, 2018.
             Was a Priest of Lugonu.
             Splashed by Ijyb's acid (10 damage)
             ... on level 4 of the Dungeon.
             The game lasted 00:28:19 (4072 turns).

Ikesh the Skirmisher (Formicid Abyssal Knight)      Turns: 4072, Time: 00:28:19

Health: -6/51      AC:  4    Str: 18    XL:     6   Next: 51%
Magic:  7/7        EV: 12    Int: 12    God:    Lugonu [***...]
Gold:   215        SH:  0    Dex: 12    Spells: 5/5 levels left

rFire    . . .     SeeInvis +   m - +1 spear
rCold    . . .     Gourm    .   (no shield)
rNeg     . . .     Faith    .   h - +3 ring mail
rPois    .         Spirit   .   (helmet unavailable)
rElec    .         Reflect  .   (no cloak)
rCorr    .         Harm     .   (no gloves)
MR       .....                  (no boots)
Stlth    +.........             b - amulet of magic regeneration
HPRegen  0.17/turn              w - ring of wizardry
MPRegen  0.35/turn              f - +1 ring of evasion

@: corroded, flying
A: permanent stasis, dig shafts and tunnels, four strong arms, antennae 3,
mutation resistance 1, strong 1
a: Dig, Shaft Self, Depart the Abyss, Bend Space, Banish, Renounce Religion


You were on level 4 of the Dungeon.
You worshipped Lugonu.
Lugonu was most pleased with you.
You were not hungry.

You visited 1 branch of the dungeon, and saw 4 of its levels.
You visited the Abyss 1 time.

You collected 215 gold pieces.

Inventory:

Hand Weapons
 e - a +0 hand crossbow
 m - a +1 spear (weapon)
 y - a +0 quarterstaff
Missiles
 z - a throwing net (quivered)
Armour
 h - a +3 ring mail (worn)
Jewellery
 b - an amulet of magic regeneration (around neck)
 f - a +1 ring of evasion (right hand)
 w - a ring of wizardry (left hand)
Wands
 o - a wand of iceblast (8)
Scrolls
 a - 2 scrolls of remove curse
 q - a scroll of magic mapping
 t - a scroll of fog
Potions
 k - 3 potions of heal wounds
 l - a potion of berserk rage
Comestibles
 c - 6 rations


   Skills:
 + Level 5.1 Fighting
 - Level 3.1(3.3) Polearms
 + Level 1.7(2.6) Staves
 + Level 3.8 Armour
 + Level 1.8 Dodging
 + Level 0.4 Stealth
 + Level 2.4 Invocations


You had 5 spell levels left.
You didn't know any spells.

Dungeon Overview and Level Annotations

Branches:
Dungeon (4/15)
 Temple: D:4-7

Altars:
Kikubaaqudgha
Okawaru
The Shining One

Shops:
D:4 *

Annotations:
D:4 Ijyb


Innate Abilities, Weirdness & Mutations

You cannot be hasted, slowed, berserked, paralysed or teleported.
You can dig through walls and to a lower floor.
Your four strong arms can wield two-handed weapons with a shield.
You have a pair of large antennae on your head. (SInv)
You are somewhat resistant to further mutation.
Your muscles are strong. (Str +2)


Message History

Ijyb hits you but does no damage.
You hit Ijyb.
Ijyb is moderately wounded.
You hit Ijyb but do no damage.
Ijyb is moderately wounded.
Ijyb closely misses you.
You hit Ijyb but do no damage.
Ijyb is moderately wounded.
Ijyb barely misses you.
You hit Ijyb.
Ijyb is moderately wounded.
Ijyb zaps a wand.
The bolt of acid hits you!
You are splashed with acid!
The acid burns!
* * * LOW HITPOINT WARNING * * *
Ijyb zaps a wand.
The bolt of acid misses you.
Ijyb screams, "It's all mine!"
Ijyb zaps a wand.
The bolt of acid hits you!
* * * LOW HITPOINT WARNING * * *
The acid corrodes you!
You are splashed with acid!
The acid burns!
You die...

#..#...# #.# #..
#.#.#### #.# #.# #.#.#
#.#####.# #.#.#
#.......# #.#.#
####.###. #.#.# #.##..
#.#.# #.....
#.#.############ ####..
#.(.....@..g...# ##.
###.##########.# # ##
#(# #.# ... ..
#.##########g##........
#...............# ####
############.##...# #.#
### #.. ###


You could see Ijyb.

Vanquished Creatures
  An orc priest (D:3)
  3 orc wizards
  A worker ant (D:4)
  A howler monkey skeleton (D:4)
  2 adders (D:4)
  2 adder skeletons (D:4)
  A worm (D:2)
  A dart slug (D:1)
  4 leopard geckos
  9 orcs
  A ball python (D:1)
  4 giant cockroaches
  15 goblins
  7 hobgoblins
  A quokka (D:3)
  11 bats
  5 frilled lizards
  A jackal skeleton (D:4)
  11 kobolds
  10 rats
91 creatures vanquished.

Notes
Turn   | Place    | Note
-------+----------+-------------------------------------------
     0 | Abyss:1  | Ikesh the Formicid Abyssal Knight began the quest for the Orb.
     0 | Abyss:1  | Reached XP level 1. HP: 18/18 MP: 2/2
    30 | Abyss:1  | Found an ornate altar of the Wu Jian Council.
    38 | D:1      | Escaped the Abyss
   140 | D:1      | Reached XP level 2. HP: 23/25 MP: 3/3
   234 | D:1      | Reached skill level 4 in Fighting
   480 | D:1      | Reached XP level 3. HP: 26/30 MP: 4/4
   656 | D:2      | Reached ** piety under Lugonu
   731 | D:2      | Reached skill level 1 in Dodging
   742 | D:2      | Found an iron altar of Okawaru.
  1120 | D:2      | Reached XP level 4. HP: 37/37 MP: 5/5
  1126 | D:2      | Found a glowing golden altar of the Shining One.
  1622 | D:3      | Found an ancient bone altar of Kikubaaqudgha.
  1981 | D:3      | Reached *** piety under Lugonu
  2668 | D:4      | Found Zomm's Assorted Antiques.
  2680 | D:4      | Reached XP level 5. HP: 33/43 MP: 6/6
  3080 | D:4      | Gained mutation: You possess an exceptional clarity of mind. [potion of mutation]
  3080 | D:4      | Gained mutation: Your spells are a little harder to cast, but a little more powerful. [potion of mutation]
  3080 | D:4      | Gained mutation: Your mind is acute. (Int +2) [potion of mutation]
  3095 | D:4      | Lost mutation: Your mind is acute. (Int +2) [potion of mutation]
  3095 | D:4      | Lost mutation: Your spells are a little harder to cast, but a little more powerful. [potion of mutation]
  3095 | D:4      | Lost mutation: You possess an exceptional clarity of mind. [potion of mutation]
  3095 | D:4      | Gained mutation: Your muscles are strong. (Str +2) [potion of mutation]
  3095 | D:4      | Gained mutation: You are somewhat resistant to further mutation. [potion of mutation]
  3236 | D:3      | Reached skill level 1 in Staves
  3550 | D:3      | Reached XP level 6. HP: 15/50 MP: 7/7
  3848 | D:4      | Reached skill level 5 in Fighting
  4029 | D:4      | Noticed Ijyb
  4072 | D:4      | Splashed by Ijyb's acid

Skill      XL: |  1  2  3  4  5  6 |
---------------+-------------------+-----
Fighting       | 4 5 |  5.1
Dodging        | 1 |  1.8
Polearms       | 3 |  3.1
Armour         | 3 |  3.8
Staves         | 1 |  1.7
Stealth        | |  0.4
Invocations    | |  2.4

Action                   |  1- 3 |  4- 6 || total
-------------------------+-------+-------++-------
Melee: Spear             |   139 |   212 ||   351
       Quarterstaff      |       |    34 ||    34
 Abil: Dig               |     3 |     3 ||     6
  Use: Scroll            |     2 |    14 ||    16
       Potion            |       |     7 ||     7
  Eat: Chunk             |     2 |     6 ||     8
       Ration            |       |     1 ||     1
Armor: Leather armour    |     1 |       ||     1
       Ring mail         |    32 |    69 ||   101
Dodge: Dodged            |    39 |   114 ||   153
